 Dungeon Crawl Stone Soup version 0.28.0-45-g0d030f2227 (webtiles) character file.

Game seed: 13603525413495441064

3753 CryoSword the Geomancer (level 10, -2/88 HPs)
             Began as a Gargoyle Earth Elementalist on Apr 16, 2022.
             Was a Follower of the Shining One.
             Slain by an orc knight
             ... wielding a +0 trident
              (14 damage)
             ... in a bailey.
             The game lasted 00:16:31 (10337 turns).

CryoSword the Geomancer (GrEE)                     Turns: 10337, Time: 00:16:31

Health: -2/88      AC: 12    Str: 12    XL:     10   Next: 15%
Magic:  2/13       EV:  9    Int: 26    God:    the Shining One [*.....]
Gold:   315        SH:  8    Dex: 10    Spells: 3/13 levels left

rFire   + . .      SeeInvis .   b - +2 flail (vorpal)
rCold   . . .      Faith    .   e - +0 kite shield
rNeg    + . .      Spirit   .   w - +0 ring mail
rPois   ∞          Reflect  .   (no helmet)
rElec   +          Harm     .   (no cloak)
rCorr   .          Rampage  .   (no gloves)
Will    .....                   (no boots)
Stlth   ..........              (no amulet)
HPRegen 0.24/turn               g - ring of protection from fire
MPRegen 0.13/turn               r - +6 ring of intelligence

@: berserking (expiring), glowing, very quick
A: sickness immunity, AC +7, negative energy resistance 1, electricity
resistance, torment resistance 1, petrification resistance
a: Renounce Religion, Divine Shield


You were in a bailey.
You worshipped the Shining One.
The Shining One was aware of your devotion.
You visited 2 branches of the dungeon, and saw 8 of its levels.
You also visited: Sewer and Bailey.

You collected 382 gold pieces.
You spent 67 gold pieces at shops.

Inventory:

Hand Weapons
 b - a +2 vorpal flail (weapon)
   (You took it off Edmund on level 5 of the Dungeon)
Missiles
 m - 4 boomerangs (quivered)
 n - 95 stones
Armour
 e - a +0 kite shield (worn)
   (You bought it in a shop on level 7 of the Dungeon)
 w - a +0 ring mail (worn)
   (You took it off an orc on level 5 of the Dungeon)
Jewellery
 a - a ring of fire
   (You found it on level 6 of the Dungeon)
 g - a ring of protection from fire (left hand)
   (You found it on level 1 of the Dungeon)
 r - a +6 ring of intelligence (right hand)
   (You found it on level 5 of the Dungeon)
Scrolls
 f - 7 scrolls of enchant weapon
 i - a scroll of blinking {unknown}
 j - 3 scrolls of fog {unknown}
 k - a scroll of teleportation {unknown}
 l - a scroll of noise {unknown}
 p - 2 scrolls of enchant armour
 u - a scroll of fear
 v - a scroll of magic mapping {unknown}
Potions
 c - 4 potions of might
 d - 3 potions of magic {unknown}
 h - 5 potions of brilliance
 o - 2 potions of heal wounds {@q2}
 t - 4 potions of resistance
 x - 2 potions of haste {@q3}
 z - a potion of experience
 A - a potion of mutation {unknown}


   Skills:
 + Level 5.2 Fighting
 * Level 6.8 Maces & Flails
 - Level 4.0 Dodging
 - Level 2.1 Stealth
 * Level 3.0 Shields
 - Level 2.0 Spellcasting
 * Level 7.7 Conjurations
 - Level 0.7 Transmutations
 * Level 9.4 Earth Magic


You had 3 spell levels left.
You knew the following spells:

 Your Spells              Type           Power      Damage    Failure   Level
a - Sandblast             Erth           100%       2d20      1%          1
b - Stone Arrow           Conj/Erth      94%        3d12      7%          3
c - Petrify               Tmut/Erth      29%        N/A       67%         4
P - Passwall              Tmut/Erth      24%        N/A       14%         2

Your spell library contained the following spells:

 Spells                   Type           Power      Damage    Failure   Level
 Scorch                   Fire           4%         2d5       75%         2
 Flame Wave               Conj/Fire      22%        2d7       83%         4
 Summon Cactus Giant      Summ           1%         N/A       100%        6


Dungeon Overview and Level Annotations

Branches:
Dungeon (7/15)             Temple (1/1) D:5           Sewer (visited)
 Bailey (1/1)

Altars:
Ashenzari
Cheibriados
Dithmenos
Elyvilon
Fedhas
Hepliaklqana
Makhleb
Okawaru
Qazlal
Ru
Trog
Vehumet
Xom
Zin
The Shining One

Shops:
D:7 [


Innate Abilities, Weirdness & Mutations

You are immune to sickness and miasma.
Your stone body is resilient. (AC +7)
You are immune to poison.
You resist negative energy. (rN+)
You are resistant to electric shocks. (rElec)
You are resistant to unholy torment.
You are immune to petrification.


Message History

Things that are here:
a +0 glaive; a +0 scale mail
Things that are here:
a +3 halberd; an orc skeleton You see here a +0 spear.
There is an open door here.
You see here a +0 war axe.
Okay, then.
Throw: throwing net
Aim: an orc knight, wielding a +0 trident and wearing a +0 chain mail (53% to hit)
You throw a throwing net.
The throwing net barely misses the orc knight.
Aim: an orc knight, wielding a +0 trident and wearing a +0 chain mail (73% to hit)
The stone arrow hits the orc knight!!
Okay, then.
Aim: an orc knight, wielding a +0 trident and wearing a +0 chain mail (heavily wounded, 73% to hit)
The stone arrow hits the orc knight!!
You block the orc knight's attack.
Aim: an orc knight, wielding a +0 trident and wearing a +0 chain mail (severely wounded, 73% to hit)
The stone arrow hits the orc knight!
The orc knight hits you from afar with a +0 trident!!
Aim: an orc knight, wielding a +0 trident and wearing a +0 chain mail (almost dead, 73% to hit)
The stone arrow hits the orc knight!!
You kill the orc knight!
You have reached level 10!
You start resting.
You start resting.
Things that are here:
a +0 trident; a +0 chain mail; an orc corpse An orc knight comes into view.
It is wielding a +0 trident.
There is an open door here.
The orc knight shouts!
You hear a shout!
s - a throwing net An orc warrior comes into view.
It is wielding a +0 glaive.
There is an open door here.
The orc knight roars a battlecry!
The orc warrior goes into a battle-frenzy!
You see here a +0 trident.
Aim: an orc knight, wielding a +0 trident and wearing a +0 plate armour (76% to hit)
Okay, then.
Things that are here:
a +0 spear; a +0 chain mail
Things that are here:
a +0 hand axe; a +0 halberd
Things that are here:
a +0 trident; a +0 chain mail You see here a +0 war axe.
The orc warrior hits you from afar with a +0 glaive!!
Aim: an orc warrior, wielding a +0 glaive and wearing a +0 chain mail (strong, 73% to hit)
The stone arrow hits the orc warrior!
You block the orc warrior's attack.
Aim: an orc warrior, wielding a +0 glaive and wearing a +0 chain mail (moderately wounded, strong, 73% to hit)
The stone arrow hits the orc warrior!
The orc warrior hits you from afar with a +0 glaive.
* * * LOW HITPOINT WARNING * * *
The orc knight hits you from afar with a +0 trident.
* * * LOW HITPOINT WARNING * * *
Aim: an orc warrior, wielding a +0 glaive and wearing a +0 chain mail (almost dead, strong, 73% to hit)
The stone arrow hits the orc warrior!!
You kill the orc warrior!
The orc knight hits you from afar with a +0 trident!
* * * LOW HITPOINT WARNING * * *
Your Shields skill increases to level 3!
Things that are here:
a +0 glaive; a +0 chain mail
Things that are here:
a +0 halberd; a +0 trident; a +0 ring mail
Things that are here:
a +0 hand axe; a +0 halberd
Things that are here:
a +0 trident; a +0 chain mail You see here a +0 war axe.
Things that are here:
a +0 glaive; a +0 chain mail You see here a +0 hand axe.
Things that are here:
a +0 halberd; a +0 trident; a +0 ring mail
Things that are here:
a +0 hand axe; a +0 halberd
Things that are here:
a +0 trident; a +0 chain mail You see here a +0 war axe.
Things that are here:
a +0 glaive; a +0 chain mail
Things that are here:
a +0 halberd; a +0 trident; a +0 ring mail
Things that are here:
a +0 hand axe; a +0 halberd
Things that are here:
a +0 trident; a +0 chain mail You see here a +0 war axe.
Things that are here:
a +0 glaive; a +0 chain mail
Things that are here:
a +0 halberd; a +0 trident; a +0 ring mail
Things that are here:
a +0 hand axe; a +0 halberd
Things that are here:
a +0 trident; a +0 chain mail You see here a +0 war axe.
Things that are here:
a +0 glaive; a +0 chain mail
Things that are here:
a +0 halberd; a +0 trident; a +0 ring mail
Things that are here:
a +0 hand axe; a +0 halberd
Things that are here:
a +0 trident; a +0 chain mail You see here a +0 war axe.
Throw: throwing net
Aim: an orc knight, wielding a +0 trident and wearing a +0 plate armour (57% to hit)
You throw a throwing net. The throwing net hits the orc knight.
The orc knight is caught in the net!
The orc knight struggles against the net.
The orc knight struggles against the net.
Aim: an orc knight, wielding a +0 trident and wearing a +0 plate armour (entangled in a net, 100% to hit)
Okay, then.
The orc knight struggles against the net.
Aim: an orc knight, wielding a +0 trident and wearing a +0 plate armour (entangled in a net, 100% to hit)
The stone arrow hits the orc knight!
The orc knight struggles against the net.
Aim: an orc knight, wielding a +0 trident and wearing a +0 plate armour (lightly wounded, entangled in a net, 100% to hit)
The stone arrow hits the orc knight.
Aim: an orc knight, wielding a +0 trident and wearing a +0 plate armour (lightly wounded, entangled in a net, 100% to hit)
You miscast Stone Arrow.
You are very lightly contaminated with residual magic.
Nothing appears to happen.
The orc knight struggles against the net.
The net rips apart, and the orc knight comes free!
Aim: an orc knight, wielding a +0 trident and wearing a +0 plate armour (lightly wounded, 76% to hit)
The stone arrow hits the orc knight!
Things that are here:
a +0 glaive; a +0 chain mail
Things that are here:
a +0 halberd; a +0 trident; a +0 ring mail A red film seems to cover your vision as you go berserk!
You feel yourself moving faster!
You feel mighty!
Your magical contamination has completely faded away.
You feel a strong urge to attack something.
You block the orc knight's attack.
You hit the orc knight. You hit the orc knight.
The orc knight hits you with a +0 trident!!
* * * LOW HITPOINT WARNING * * *
You hit the orc knight.
The orc knight hits you but does no damage.
You hit the orc knight but do no damage.
The orc knight hits you with a +0 trident!
* * * LOW HITPOINT WARNING * * *
You thump the orc knight!
The orc knight hits you with a +0 trident!
You die...

############ #######
##.∩........## ##.....#
#......#.....######.......
#.....###o...#....#..##...
#∩.....8.@)..'..))o..8..).
#....)###).).#....#..##...
#.....)#.).).######...)).)
##.∩..))).).## ##.....#
############ #######


You could see an orc knight.

Vanquished Creatures
  An orc knight (Bailey)
  A komodo dragon (D:7)
  Grinder (D:6)
  Sigmund (D:2)
  Edmund (D:5)
  A water moccasin (D:3)
  A sky beast (D:6)
  Duvessa (D:6)
  7 orc warriors (Bailey)
  A hornet zombie (D:6)
  A black bear (D:7)
  3 ogres
  3 scorpions
  Dowan (D:6)
  2 bullfrog zombies
  2 hounds (D:6)
  6 orc priests
  A jelly (D:5)
  Jessica (D:2)
  6 iguanas
  Terence (D:2)
  6 orc wizards
  4 gnolls
  10 adders
  A white imp (D:5)
  2 ufetubi (D:5)
  2 worms
  A dart slug (D:1)
  35 orcs
  5 endoplasms
  4 giant cockroaches
  9 goblins
  11 hobgoblins
  8 kobolds
  8 quokkas
  9 ball pythons
  5 bats
  4 frilled lizards
  12 rats
179 creatures vanquished.

Notes
Turn   | Place    | Note
-------+----------+-------------------------------------------
     0 | D:1      | CryoSword the Gargoyle Earth Elementalist began the quest
                  | for the Orb.
     0 | D:1      | Reached XP level 1. HP: 10/10 MP: 3/3
   255 | D:1      | Reached XP level 2. HP: 16/16 MP: 1/5
   329 | D:1      | Reached skill level 1 in Conjurations
   386 | D:1      | Reached skill level 4 in Earth Magic
  1249 | D:2      | Noticed Terence
  1392 | D:2      | Noticed Sigmund
  1397 | D:2      | Found a faded altar of an unknown god.
  1403 | D:2      | Reached XP level 3. HP: 17/20 MP: 6/6
  1407 | D:2      | Learned a level 2 spell: Passwall
  1411 | D:2      | Learned a level 3 spell: Stone Arrow
  1482 | D:2      | Noticed Jessica
  1489 | D:2      | Killed Jessica
  1490 | D:2      | Reached skill level 1 in Fighting
  1490 | D:2      | Reached skill level 1 in Maces & Flails
  1490 | D:2      | Reached XP level 4. HP: 21/25 MP: 3/7
  1899 | D:2      | Killed Terence
  2198 | D:2      | Killed Sigmund
  2199 | D:2      | Reached skill level 5 in Earth Magic
  2199 | D:2      | Reached XP level 5. HP: 29/30 MP: 4/8
  2199 | D:2      | Reached XP level 6. HP: 34/35 MP: 4/9
  3707 | D:3      | Noticed a water moccasin
  3712 | D:3      | Killed a water moccasin
  3713 | D:3      | Reached XP level 7. HP: 40/40 MP: 3/10
  4453 | D:4      | Found a radiant altar of Vehumet.
  4733 | D:4      | Reached skill level 6 in Earth Magic
  5355 | D:5      | Entered Level 5 of the Dungeon
  5382 | D:5      | Found a staircase to the Ecumenical Temple.
  5413 | Temple   | Entered the Ecumenical Temple
  5638 | Temple   | Became a worshipper of the Shining One
  5857 | D:5      | Reached XP level 8. HP: 21/46 MP: 7/11
  5963 | D:5      | Found a glowing drain.
  5988 | Sewer    | Entered a sewer
  7008 | D:5      | Reached * piety under the Shining One
  7045 | D:5      | Reached skill level 5 in Conjurations
  7204 | D:6      | Noticed Edmund
  7355 | D:6      | Reached skill level 7 in Earth Magic
  7499 | D:6      | Noticed Grinder
  7515 | D:6      | Killed Grinder
  7626 | D:6      | Reached skill level 5 in Maces & Flails
  7850 | D:5      | Learned a level 4 spell: Petrify
  8046 | D:6      | Noticed Dowan
  8047 | D:6      | Noticed Duvessa
  8067 | D:5      | Killed Edmund
  8068 | D:5      | Reached XP level 9. HP: 42/52 MP: 2/12
  8329 | D:6      | Reached skill level 8 in Earth Magic
  8344 | D:6      | Killed Duvessa
  8422 | D:6      | Killed Dowan
  8517 | D:6      | Found a hazy altar of Hepliaklqana.
  8998 | D:7      | Noticed a komodo dragon
  9001 | D:7      | Killed a komodo dragon
  9068 | D:7      | Found a broken altar of Ashenzari.
  9068 | D:7      | Found a shadowy altar of Dithmenos.
  9132 | D:7      | Found Cylodunk's Armour Emporium.
  9137 | D:7      | Bought a +0 kite shield for 67 gold pieces
  9168 | D:7      | Found a flagged portal.
  9180 | Bailey   | Entered a bailey
  9567 | Bailey   | Reached skill level 1 in Shields
  9761 | Bailey   | Reached skill level 9 in Earth Magic
  9974 | Bailey   | Reached skill level 5 in Fighting
 10087 | Bailey   | Noticed an orc knight
 10123 | Bailey   | Killed an orc knight
 10124 | Bailey   | Reached XP level 10. HP: 37/59 MP: 0/13
 10239 | Bailey   | Noticed an orc knight
 10337 | Bailey   | Slain by an orc knight

Illustrated notes

Levels and vault maps discovered:
D:1:      nagdon_arrival_zigzag_paths, layout_loops_ring,
          chequers_serial_rivers_marsh
D:2:      layout_basic, basic_ecumenical_altar, uniq_jessica, uniq_terence,
          uniq_sigmund
D:3:      layout_rooms
D:4:      cheibrodos_old_hovel, layout_loops_corners, kennysheep_mini
D:5:      layout_basic, minmay_temple_entry_large_hall, gup_sewer_entry_pipe
D:6:      layout_basic, mainiacjoe_overflow_paths, abandoned_shop, uniq_duvessa,
          uniq_grinder, uniq_edmund
D:7:      layout_loops_corners, chequers_temple_overflow_statue_of_worship,
          enter_bailey_3, serial_shops, shop, shop, nicolae_lakefront_shop,
          shop, nicolae_stop_n_shop_1, grunt_ministairs_10
Temple:   nicolae_temple_great_sept
Bailey:   bailey_polearm_5, bailey

Skill      XL: |  1  2  3  4  5  6  7  8  9 10 |
---------------+-------------------------------+-----
Conjurations   | 1 3 4 6 7 |  7.7
Earth Magic    | 4 5 6 7 9 |  9.4
Fighting       | 1 2 3 4 5 |  5.2
Maces & Flails | 1 2 3 4 5 6 |  6.8
Dodging        | 2 3 4 |  4.0
Shields        | 2 3 |  3.0
Stealth        | |  2.1
Spellcasting   | |  2.0
Transmutations | |  0.7

Action                   |  1- 3 |  4- 6 |  7- 9 | 10-12 || total
-------------------------+-------+-------+-------+-------++-------
Melee: Whip              |    39 |   108 |   165 |       ||   312
       Club              |     7 |       |       |       ||     7
       Punch             |       |     2 |     3 |       ||     5
       Mace              |       |       |     4 |       ||     4
       Flail             |       |       |    24 |     5 ||    29
Throw: Throwing net      |       |       |     1 |     1 ||     2
 Cast: Sandblast         |    22 |    10 |    45 |       ||    77
       Stone Arrow       |       |     9 |   113 |     6 ||   128
  Use: Scroll            |       |       |     8 |       ||     8
       Potion            |       |       |       |     1 ||     1
 Stab: Sleeping          |     1 |     2 |     2 |       ||     5
Armor: Robe              |    21 |    44 |    71 |       ||   136
       Ring mail         |       |       |    13 |     1 ||    14
Dodge: Dodged            |    39 |    60 |   154 |       ||   253
Block: Kite shield       |       |       |    10 |     2 ||    12
